 Dungeon Crawl Stone Soup version 0.21-a0-442-g848f44b (webtiles) character file.

86 kae the Chopper (level 4, -3/40 HPs)
             Began as a Hill Orc Fighter on Nov 12, 2017.
             Slain by an orc wizard
             ... wielding a +1 dagger of electrocution
              (11 damage)
             ... on level 3 of the Dungeon.
             The game lasted 00:01:40 (1115 turns).

kae the Chopper (Hill Orc Fighter)                  Turns: 1115, Time: 00:01:40

Health: -3/40      AC: 10    Str: 19    XL:     4   Next: 49%
Magic:  4/4        EV:  9    Int:  8    God:
Gold:   153        SH:  0    Dex: 10    Spells: 3/3 levels left

rFire    . . .     SeeInvis .   a - +0 war axe
rCold    . . .     Gourm    .   g - +0 buckler (curse)
rNeg     . . .     Faith    .   b - +0 scale mail
rPois    .         Spirit   .   k - +1 helmet
rElec    .         Reflect  .   (no cloak)
rCorr    .         Harm     .   e - +0 pair of gloves
MR       .....                  (no boots)
Stlth    ..........             (no amulet)
HPRegen  0.13/turn              (no ring)
MPRegen  0.09/turn              (no ring)

@: confused
A: no striking features
a: no special abilities


You were on level 3 of the Dungeon.
You were very hungry.

You visited 1 branch of the dungeon, and saw 3 of its levels.

You collected 153 gold pieces.

Inventory:

Hand Weapons
 a - a +0 war axe (weapon)
Armour
 b - a +0 scale mail (worn)
 c - a +0 shield
 e - a +0 pair of gloves (worn)
 g - a cursed +0 buckler (worn)
 k - a +1 helmet (worn)
Jewellery
 j - an uncursed amulet of rage
Scrolls
 r - a scroll of teleportation
 s - a scroll of identify
Potions
 d - a potion of might
 i - 2 potions of ambrosia
 l - a potion of heal wounds {unknown}
 n - 3 potions of resistance {unknown}
 q - a potion of haste {unknown}
Comestibles
 f - 3 bread rations
 o - a meat ration
 p - 2 royal jellies


   Skills:
 + Level 4.3 Fighting
 * Level 4.3 Axes
 + Level 3.8 Armour
 + Level 3.8 Shields


You had 3 spell levels left.
You didn't know any spells.

Dungeon Overview and Level Annotations

Branches:
Dungeon (3/15)

Altars:
Zin


Message History

Unknown command.
Unknown command.
You miss something.
You hear some strange, mumbled words.
A puff of flame appears from out of thin air!
You block the puff of flame.
You hear some strange, mumbled words.
A puff of flame appears from out of thin air!
The puff of flame hits you!
You barely miss something. Something hits you but does no damage.
You barely miss something. Something hits you but does no damage.
You are electrocuted!
* * * LOW HITPOINT WARNING * * *
You hit something.
You hear some strange, mumbled words.
You are confused.
Something hits you.
* * * LOW HITPOINT WARNING * * *
You are electrocuted!
You die...

########...######
.............#
#####....#####
#....# #.#..#####
+..#......#
#####.#######.#
+.............#
######@########
#.{#
#..........o.
#............
#............
#............
#............
########.>...
#####


There were no monsters in sight!

Vanquished Creatures
  Ijyb (D:3)
  An adder (D:2)
  An ooze (D:1)
  2 worms (D:2)
  A leopard gecko (D:1)
  2 orcs (D:3)
  A ball python (D:2)
  2 giant cockroaches
  5 goblins
  2 hobgoblins
  7 jackals (D:2)
  2 quokkas
  A bat (D:1)
  2 frilled lizards
  2 kobolds
  5 rats
37 creatures vanquished.

Notes
Turn   | Place    | Note
-------+----------+-------------------------------------------
     0 | D:1      | kae the Hill Orc Fighter began the quest for the Orb.
     0 | D:1      | Reached XP level 1. HP: 19/19 MP: 1/1
   112 | D:1      | Reached XP level 2. HP: 27/27 MP: 2/2
   574 | D:2      | Reached XP level 3. HP: 33/33 MP: 3/3
   690 | D:2      | Found a glowing silver altar of Zin.
   990 | D:3      | Noticed Ijyb
  1009 | D:3      | Killed Ijyb
  1009 | D:3      | Reached XP level 4. HP: 37/40 MP: 4/4
  1115 | D:3      | Slain by an orc wizard

Vault maps used:
D:1:      elethiomel_arrival_shortcut
D:2:      nicolae_overflow_crystal_walls, first_bread
D:3:      lemuel_zombie_altar_yredelemnul, minitemple, portal_sewer_entry_e,
          uniq_ijyb, uniq_terence, uniq_jessica

Skill      XL: |  1  2  3 |
---------------+----------+-----
Axes           | 3 4 |  4.3
Fighting       | 4 |  4.3
Armour         | |  3.8
Shields        | |  3.8

Action                   |  1- 3 |  4- 6 || total
-------------------------+-------+-------++-------
Melee: War axe           |   135 |    14 ||   149
  Use: Scroll            |       |     7 ||     7
Armor: Scale mail        |    81 |     4 ||    85
Dodge: Dodged            |    46 |     2 ||    48
Block: Shield            |    68 |       ||    68
       Buckler           |       |     3 ||     3

Table legend:
 A = Spawn XP
 B = Non-spawn XP
 C = Spawn XP percentage of total XP
 D = Spawn monster count
 E = Non-spawn monster count
 F = Spawn count percentage of total count
 G = Total turns spent on level
                    A         B        C        D         E        F      G
               +---------+---------+-------+---------+---------+-------+---------
         Total |       0 |     123 |   0.0 |       0 |      37 |   0.0 |  1115
               +---------+---------+-------+---------+---------+-------+---------
           D:1 |       0 |      22 |   0.0 |       0 |      11 |   0.0 |   484
           D:2 |       0 |      56 |   0.0 |       0 |      21 |   0.0 |   478
           D:3 |       0 |      45 |   0.0 |       0 |       5 |   0.0 |   153
               +---------+---------+-------+---------+---------+-------+---------
